 Dungeon Crawl Stone Soup version 0.16.0-8-gd9ae3a8 (webtiles) character file.

6627 asthiss the Carver (level 10, -6/81 HPs)
             Began as a Minotaur Berserker on Mar 16, 2015.
             Was a High Priest of Trog.
             Hit by a tomahawk thrown by an orc warrior (10 damage)
             ... on level 9 of the Dungeon.
             The game lasted 01:05:29 (7565 turns).

asthiss the Carver (Minotaur Berserker)             Turns: 7565, Time: 01:05:30

Health: -6/81      AC: 16    Str: 24    XL:     10   Next: 72%
Magic:  4/4        EV:  8    Int:  4    God:    Trog [*****.]
Gold:   506        SH:  0    Dex: 11    Spells: 0 memorised, 9 levels left

rFire  x . .     SeeInvis .     w - +5 long sword of Iqugeex {slice, rC+ Stlth+}
rCold  + + .     Clarity  .     B - +1 plate armour
rNeg   . . .     SustAb   +     (no shield)
rPois  .         Gourm    .     (helmet restricted)
rElec  .         Spirit   .     t - +0 cloak
rCorr  .         Warding  .     e - +0 pair of gloves
rMut   .         Stasis   .     x - +0 pair of boots
MR     .....                    (no amulet)
Stlth  ..........               k - ring of sustain abilities
                                d - ring of ice

@: not resistant to hostile enchantments, extremely unstealthy
A: retaliatory headbutt, horns 2
a: Burn Spellbooks, Berserk, Trog's Hand, Brothers in Arms, Renounce Religion


You were on level 9 of the Dungeon.
You worshipped Trog.
Trog was extremely pleased with you.
You were not hungry.

You visited 1 branch of the dungeon, and saw 9 of its levels.

You collected 506 gold pieces.

Inventory:

Hand weapons
 a - a +1 mace
 b - a +3 hunting sling of flaming
 u - the +8 great mace "Sejys" {flame, -Tele rN+ Str+4}
   (You acquired it on level 7 of the Dungeon)

   It has been specially enchanted to burn those struck by it, causing extra
   injury to most foes and up to half again as much damage against particularly
   susceptible opponents.
   It affects your strength (+4).
   It protects you from negative energy.
   It prevents most forms of teleportation.
 w - the +5 long sword of Iqugeex (weapon) {slice, rC+ Stlth+}
   (You found it on level 6 of the Dungeon)

   It inflicts extra damage upon your enemies.
   It protects you from cold.
   It makes you more stealthy.
 y - a +2 whip of freezing
Armour
 e - a +0 pair of gloves (worn)
 t - a +0 cloak (worn)
 x - a +0 pair of boots (worn)
 z - a +0 buckler
 B - a +1 plate armour (worn)
Jewellery
 d - a ring of ice (left hand)
 f - an uncursed ring of wizardry {unknown}
 k - a ring of sustain abilities (right hand)
 C - an uncursed ring of see invisible {unknown}
Scrolls
 n - 3 scrolls of magic mapping
 q - 3 scrolls of remove curse
Potions
 g - 2 potions of haste {unknown}
 h - 5 potions of curing
 i - 2 potions of heal wounds {unknown}
 l - 2 potions of mutation {unknown}
 o - a potion of berserk rage {unknown}
 v - a potion of beneficial mutation {unknown}
 A - a potion of brilliance {unknown}
 D - a potion of poison {unknown}
 E - a potion of agility {unknown}
 F - a potion of might {unknown}
Comestibles
 c - 8 bread rations
 j - 2 slices of pizza
 m - 2 beef jerkies
 p - 2 fruits
 s - a royal jelly


   Skills:
 - Level 5.5 Fighting
 * Level 12.6 Long Blades
 - Level 12.2 Maces & Flails
 - Level 3.2 Throwing
 - Level 4.7 Armour
 - Level 4.5 Dodging


You had 9 spell levels left.
You didn't know any spells.

Dungeon Overview and Level Annotations

Branches:
Dungeon (9/15)             Temple (0/1) D:4            Lair (0/8) D:8
    Orc: D:9-12

Altars:
Elyvilon
Makhleb
Okawaru
Vehumet
Xom
Yredelemnul
Zin


Innate Abilities, Weirdness & Mutations

You reflexively headbutt those who attack you in melee.
You have a pair of horns on your head.


Message History

* * * LOW HITPOINT WARNING * * *
Found a slice of pizza.
Items here: ( )))) [[[[ ††† Use which ability? (? or * to list)
Okay, then.
Use which ability? (? or * to list)
Your iron troll goes berserk!
You feel somewhat more hungry. The orc hits you but does no damage.
The orc warrior hits you with a long sword.
* * * LOW HITPOINT WARNING * * *
The orc priest mumbles some strange prayers to Beogh against you.
Something smites you!
* * * LOW HITPOINT WARNING * * *
Things that are here:
a tomahawk; a runed great mace {god gift}; 2 arrows Your iron troll bites the orc!!!
The orc dies!
Trog accepts your kill.
The orc warrior throws a tomahawk.
The tomahawk hits you!
You die...

#..# ###...## #. .#
#..###......# #. ....
#..#....#..# ##. ....
#.....####.# #.. ....#
##...### ..# #..
.....######.....# #####
### #........(...# ....
##....#......###o.# .
##.#####.....@)#o.#!....
####..# ##.....T)ooo....%
......# ###......#o.......
......####....#..##.....!.
#####..##...####..#....(..
#.....###
#..###############
##....##
##.......##.......
####....##
#........###...###
#.......## ##..#.....#
#.###


You could see an orc warrior, 2 orc priests, an orc wizard and a friendly iron
troll (berserk).

Vanquished Creatures
  A hydra (D:7)
  Pikel (D:5)
  A fire drake (D:8)
  5 yaks (D:8)
  Eustachio (D:5)
  A hippogriff (D:7)
  Menkaure (D:5)
  An orc warrior (D:8)
  3 ice beasts
  The ghost of Pereza0 the Caller, an average VSSu (D:3)
  A sky beast (D:7)
  A slave (D:5)
  7 ogres
  3 phantoms
  3 centaurs
  Sigmund (D:2)
  Duvessa (D:4)
  A gnoll sergeant (D:8)
  4 giant frogs
  A scorpion (D:8)
  A water moccasin skeleton (D:7)
  9 killer bees
  4 orc priests
  Dowan (D:4)
  4 crimson imps
  A giant frog zombie (D:7)
  3 goliath beetles
  A jelly (D:8)
  A centaur skeleton (D:6)
  An iguana (D:8)
  A giant frog skeleton (D:9)
  A gnoll shaman (D:7)
  7 hounds
  A centaur zombie (D:9)
  2 quasits (D:9)
  6 orc wizards
  4 worker ants
  A hound zombie (D:8)
  A mummy (D:6)
  A worker ant zombie (D:6)
  16 gnolls
  2 shadow imps
  9 adders
  A white imp (D:5)
  3 giant mites
  3 worms
  3 adder skeletons
  6 giant geckos
  23 orcs
  17 bats
  A bat skeleton (D:3)
  5 giant cockroaches
  10 goblins
  11 hobgoblins
  11 kobolds
  4 quokkas
  2 ball pythons
  A giant gecko skeleton (D:7)
  7 giant newts
  13 jackals
  A quokka skeleton (D:7)
  11 rats
250 creatures vanquished.

Vanquished Creatures (collateral kills)
  An orc (D:9)
1 creature vanquished.

Vanquished Creatures (others)
  A quokka (D:8)
  A rat (D:8)
2 creatures vanquished.

Grand Total: 253 creatures vanquished

Notes
Turn   | Place    | Note
--------------------------------------------------------------
     0 | D:1      | asthiss, the Minotaur Berserker, began the quest for the Orb.
     0 | D:1      | Reached XP level 1. HP: 19/19 MP: 1/1
   237 | D:1      | Reached skill level 4 in Maces & Flails
   270 | D:1      | Reached XP level 2. HP: 5/26 MP: 1/1
   853 | D:1      | Acquired Trog's second power
  1002 | D:2      | Noticed Sigmund
  1010 | D:2      | Killed Sigmund
  1010 | D:2      | Reached skill level 6 in Maces & Flails
  1010 | D:2      | Reached XP level 3. HP: 25/31 MP: 2/2
  1010 | D:2      | Reached XP level 4. HP: 31/39 MP: 2/2
  1691 | D:3      | Found a shimmering altar of Xom.
  1775 | D:3      | Reached XP level 5. HP: 45/45 MP: 2/2
  1793 | D:3      | Noticed Pereza0's ghost (average VSSu)
  1804 | D:3      | Killed Pereza0's ghost
  1804 | D:3      | Reached skill level 7 in Maces & Flails
  2035 | D:3      | Reached skill level 8 in Maces & Flails
  2253 | D:4      | Found an iron altar of Okawaru.
  2261 | D:4      | Reached XP level 6. HP: 47/51 MP: 3/3
  2559 | D:4      | Noticed an ogre
  2563 | D:4      | Killed an ogre
  2563 | D:4      | Reached skill level 9 in Maces & Flails
  2829 | D:4      | Found a burning altar of Makhleb.
  2829 | D:4      | Found a glowing silver altar of Zin.
  2830 | D:4      | Noticed an angel
  2830 | D:4      | Noticed a green death
  2914 | D:4      | Found a staircase to the Ecumenical Temple.
  2996 | D:4      | Noticed Duvessa
  2996 | D:4      | Noticed Dowan
  3001 | D:4      | Killed Duvessa
  3001 | D:4      | Reached XP level 7. HP: 54/57 MP: 3/3
  3017 | D:4      | Killed Dowan
  3017 | D:4      | Reached skill level 10 in Maces & Flails
  3085 | D:5      | Entered Level 5 of the Dungeon
  3133 | D:5      | Acquired Trog's third power
  3334 | D:5      | Reached skill level 11 in Maces & Flails
  3407 | D:5      | Noticed Menkaure
  3415 | D:5      | Killed Menkaure
  3415 | D:5      | Reached XP level 8. HP: 66/66 MP: 3/3
  3470 | D:5      | Reached skill level 1 in Throwing
  3546 | D:5      | Noticed Eustachio
  3581 | D:5      | Killed Eustachio
  3619 | D:5      | Noticed Pikel
  3635 | D:5      | Killed Pikel
  3635 | D:5      | Reached skill level 5 in Fighting
  3839 | D:5      | Reached XP level 9. HP: 74/74 MP: 4/4
  4068 | D:6      | Reached skill level 12 in Maces & Flails
  4127 | D:6      | Got a twisted long sword
  4128 | D:6      | Identified the +5 long sword of Iqugeex {slice, rC+ Stlth+} (You found it on level 6 of the Dungeon)
  4133 | D:6      | Reached skill level 1 in Long Blades
  4646 | D:7      | Found a basalt altar of Yredelemnul.
  4693 | D:7      | Reached skill level 5 in Long Blades
  4713 | D:7      | Identified a scroll of acquirement
  4714 | D:7      | Got a crystal great mace
  5227 | D:7      | Identified the +8 great mace "Sejys" {flame, -Tele rN+ Str+4} (You acquired it on level 7 of the Dungeon)
  5311 | D:8      | Received a gift from Trog
  5362 | D:8      | Reached XP level 10. HP: 51/81 MP: 4/4
  5492 | D:8      | Noticed a five-headed hydra
  5526 | D:7      | Killed a five-headed hydra
  5526 | D:7      | Reached skill level 10 in Long Blades
  5711 | D:8      | Found a radiant altar of Vehumet.
  6078 | D:8      | Found a staircase to the Lair.
  6079 | D:8      | Noticed a fire drake
  6083 | D:8      | Killed a fire drake
  6874 | D:9      | Found a white marble altar of Elyvilon.
  7558 | D:9      | Received a gift from Trog
  7563 | D:9      | HP: 3/81 [orc priest/divine providence (12)]
  7565 | D:9      | Hit by a tomahawk thrown by an orc warrior

Action                   |  1- 3 |  4- 6 |  7- 9 | 10-12 || total
-------------------------+-------+-------+-------+-------++-------
Melee: Mace              |    32 |    80 |    99 |       ||   211
       Long sword        |       |       |    85 |    94 ||   179
       Great mace        |       |       |       |     3 ||     3
Throw: Tomahawk          |     4 |    72 |   141 |     1 ||   218
       Javelin           |       |     3 |    28 |    22 ||    53
Invok: Berserk           |     2 |       |     4 |     1 ||     7
       Trog's Hand       |     1 |     1 |     2 |     1 ||     5
       Burn Spellbooks   |       |       |     1 |       ||     1
       Brothers in Arms  |       |       |       |     1 ||     1
  Use: Scroll            |     3 |     7 |     7 |     3 ||    20
       Potion            |       |       |       |     1 ||     1
  Eat: Beef jerky        |     1 |       |       |       ||     1
       Meat ration       |       |     1 |     3 |     1 ||     5
       Royal jelly       |       |     1 |       |     1 ||     2
